Map: Catalyst LE

Players

uThermal - Winner!

  • Race: Terran Terran
  • Spawn Location: 11:00

Sioras

  • Race: Zerg Zerg
  • League: Master
  • Spawn Location: 5:00

Event: WESG 2017 Haikou

VOD

Have the link to the VOD?

Description

Time

  • Played on: March 15, 2018, 4:58 a.m.
  • Length: 9:08

All games in this series

Show
View Real Time Build Order
Export as new Build Order

uThermal Terran - Winner!

Build Orders: Reaper Expand, MMM Bio 

Get SALT Encoding   

  12  0:02  SCV  
  13  0:14  SCV  
  13  0:18  Supply Depot  
  14  0:27  SCV  
  15  0:40  SCV  
  15  0:41  Barracks  
  16  0:46  Refinery  
  16  0:52  SCV  
  17  1:04  SCV  
  18  1:16  SCV  
  19  1:29  Orbital Command, Reaper  
  20  1:40  Command Center  
  20  1:50  Supply Depot  
  20  1:54  SCV  
  21  2:01  Marine  
  21  2:06  SCV  
  23  2:09  Factory  
  23  2:13  Refinery  
  23  2:19  SCV  
  24  2:23  Barracks Reactor  
  24  2:31  SCV  
  25  2:43  SCV  
  26  2:52  Orbital Command  
  26  2:55  Starport  
  26  2:57  SCV  
  27  3:03  Hellion x2  
  31  3:07  Barracks Tech Lab  
  31  3:10  SCV, Supply Depot  
  32  3:19  SCV  
  33  3:22  SCV  
  33  3:24  Hellion  
  33  3:25  Hellion  
  38  3:32  SCV  
  39  3:40  SCV  
  39  3:41  Banshee  
  42  3:44  SCV  
  43  3:52  Command Center  
  43  3:54  SCV  
  44  3:56  SCV, Barracks Tech Lab  
  45  4:05  Factory Reactor  
  45  4:06  SCV  
  45  4:07  Barracks  
  45  4:08  SCV  
  47  4:14  Marine  
  47  4:15  Stimpack  
  48  4:18  SCV  
  48  4:21  Barracks  
  48  4:22  Supply Depot  
  49  4:28  SCV  
  49  4:30  SCV  
  51  4:32  Marine  
  51  4:33  Starport Reactor  
  51  4:36  Engineering Bay  
  51  4:37  Engineering Bay  
  52  4:41  Refinery  
  52  4:42  SCV, Refinery  
  52  4:44  SCV  
  54  4:50  Siege Tank  
  54  4:51  Marine  
  58  4:54  SCV  
  58  4:55  Marine  
  58  4:56  SCV  
  58  4:57  Marine  
  62  5:03  Terran Infantry Weapons Level 1  
  62  5:07  Terran Infantry Armor Level 1  
  62  5:09  Orbital Command  
  62  5:10  SCV  
  62  5:12  Marine  
  62  5:13  SCV  
  62  5:20  Marine  
  63  5:22  SCV, Siege Tank, Marine  
  63  5:23  Marine  
  63  5:25  Marine  
  63  5:27  SCV  
  71  5:29  Marine  
  71  5:33  Supply Depot  
  72  5:36  Orbital Command  
  72  5:38  SCV, Marine, Supply Depot  
  72  5:39  Medivac  
  76  5:42  Marine  
  77  5:51  Supply Depot  
  77  5:55  SCV, Siege Tank, Marine x3  
  84  5:58  Supply Depot  
  84  6:00  SCV  
  84  6:01  SCV  
  84  6:02  Marine, Armory  
  87  6:04  Medivac  
  87  6:08  SCV  
  87  6:09  Medivac  
  87  6:10  Marine  
  93  6:13  Marine  
  93  6:16  SCV  
  93  6:17  SCV, Marine, Supply Depot  
  97  6:19  Combat Shields  
  97  6:21  SCV  
  98  6:27  Siege Tank, Marine  
  98  6:28  SCV  
  98  6:29  Marine  
  105  6:32  SCV  
  105  6:33  SCV  
  105  6:37  Marine  
  107  6:40  SCV, Marine  
  107  6:41  Barracks  
  107  6:42  Marine, Barracks  
  107  6:45  SCV  
  107  6:47  SCV  
  112  6:49  Marine x2  
  112  6:52  SCV  
  112  6:53  Supply Depot  
  115  6:54  Supply Depot  
  115  6:55  Marine  
  115  6:57  SCV  
  117  7:06  Marine  
  117  7:07  SCV  
  117  7:08  SCV, Marine  
  117  7:09  Marine  
  117  7:12  Marine  
  117  7:13  Medivac  
  117  7:14  SCV  
  62  7:15  Medivac  
  117  7:16  Marine  
  117  7:19  SCV  
  117  7:21  SCV  
  122  7:24  Marine  
  122  7:25  Marine  
  122  7:26  SCV  
  122  7:29  Marine  
  126  7:30  Factory  
  126  7:38  SCV, Command Center  
  126  7:40  Refinery  
  126  7:41  Marine  
  126  7:42  Refinery, Marine  
  126  7:43  Medivac  
  131  7:44  Marine x2  
  131  7:49  Marine  
  129  7:52  Barracks Reactor x2  
  129  7:59  SCV, Marine, Supply Depot  
  129  8:00  Supply Depot, Medivac  
  133  8:10  Concussive Shells, Supply Depot  
  133  8:13  Supply Depot  
  133  8:16  Factory Tech Lab  
  133  8:19  Supply Depot  
  133  8:20  Siege Tank, Marine x5, Medivac  
  133  8:24  Supply Depot  
  140  8:29  Marine x2  
  140  8:30  Medivac  
  144  8:35  Siege Tank, Marine x2  
  144  8:38  Marine x5  
  144  8:39  Supply Depot  
  154  8:47  Marine x2, Supply Depot  
Show
View Real Time Build Order
Export as new Build Order

Sioras Zerg 

Build Orders: Pool First 

Get SALT Encoding   

  12  0:02  Drone  
  13  0:08  Drone  
  14  0:16  Overlord  
  14  0:21  Extractor  
  14  0:23  Drone  
  15  0:34  Drone  
  15  0:35  Drone  
  17  0:44  Spawning Pool  
  17  0:47  Drone  
  17  1:08  Hatchery  
  17  1:11  Drone  
  17  1:14  Extractor  
  17  1:16  Drone  
  17  1:20  Drone  
  18  1:30  Queen  
  20  1:33  Drone  
  21  1:41  Overlord  
  21  1:50  Zergling x2  
  22  2:00  Zergling x2  
  23  2:06  Queen  
  25  2:11  Drone  
  25  2:13  Metabolic Boost  
  26  2:20  Queen  
  26  2:21  Drone  
  29  2:23  Drone  
  30  2:33  Drone  
  30  2:36  Spore Crawler  
  30  2:37  Overlord  
  30  2:39  Drone  
  30  2:41  Spore Crawler  
  30  2:42  Drone  
  32  2:45  Drone  
  32  2:47  Overlord  
  32  2:48  Drone  
  35  2:56  Drone  
  36  2:58  Queen  
  36  3:00  Drone  
  36  3:03  Drone  
  40  3:12  Drone  
  41  3:14  Drone  
  41  3:17  Overlord  
  42  3:24  Drone  
  43  3:29  Drone x2  
  43  3:33  Spore Crawler  
  44  3:38  Hatchery  
  44  3:41  Queen  
  45  3:44  Zergling x2  
  45  3:45  Drone x4  
  45  3:47  Zergling x2  
  51  3:52  Overlord  
  51  3:55  Zergling x4  
  53  3:56  Zergling x2  
  53  3:58  Drone  
  55  4:03  Drone  
  55  4:04  Baneling Nest, Extractor  
  55  4:07  Drone  
  55  4:12  Drone x2  
  55  4:13  Drone  
  58  4:17  Queen  
  58  4:19  Overlord  
  58  4:20  Drone  
  61  4:25  Drone  
  61  4:26  Drone x2  
  61  4:29  Drone  
  65  4:37  Drone  
  66  4:41  Zergling x2  
  67  4:51  Zergling x2, Spore Crawler, Queen  
  67  4:52  Zergling x6  
  72  4:53  Drone  
  72  4:54  Queen  
  72  4:58  Spore Crawler  
  74  5:01  Drone x3  
  74  5:02  Drone x2  
  74  5:05  Drone  
  80  5:12  Overlord  
  80  5:14  Drone  
  81  5:16  Overlord  
  81  5:18  Drone, Lair  
  82  5:21  Evolution Chamber  
  82  5:22  Evolution Chamber  
  82  5:24  Drone  
  82  5:27  Drone  
  82  5:32  Drone x3  
  82  5:33  Drone x2  
  87  5:40  Drone  
  88  5:43  Extractor, Drone  
  88  5:44  Extractor  
  88  5:46  Drone  
  88  5:47  Zerg Ground Armor Level 1, Extractor  
  88  5:48  Zerg Melee Weapons Level 1  
  87  5:50  Drone x2  
  87  5:54  Overlord  
  89  6:00  Extractor, Drone x2  
  89  6:01  Overlord x4  
  90  6:22  Drone x4  
  90  6:23  Hydralisk Den  
  90  6:24  Drone x2  
  90  6:25  Drone x2  
  97  6:27  Drone  
  97  6:31  Hatchery, Baneling x2  
  97  6:32  Centrifical Hooks  
  97  6:37  Zergling x4  
  97  6:38  Zergling x12  
  101  6:50  Zergling x12  
  101  6:52  Zergling x2  
  107  6:55  Baneling x2  
  107  6:56  Baneling x6  
  107  6:57  Hatchery  
  107  7:00  Baneling  
  106  7:02  Zergling x2  
  106  7:03  Zergling x4  
  95  7:14  Zergling x2  
  95  7:15  Zergling x10  
  83  7:24  Zergling x2  
  83  7:25  Zergling x4  
  83  7:26  Queen  
  83  7:32  Baneling x3  
  73  7:37  Zergling x6  
  73  7:40  Zergling x2  
  73  7:41  Queen  
  77  7:48  Zergling x4  
  61  7:59  Hydralisk, Baneling x4  
  61  8:00  Hydralisk x6  
  61  8:01  Queen  
  77  8:07  Hydralisk x4  
  82  8:21  Hydralisk x4  
  82  8:25  Baneling  
  82  8:26  Drone x2  
  91  8:30  Hydralisk x2  
  91  8:31  Zergling x2  
  96  8:39  Overlord x2  
Tags
 
Add a new tag
Caveats
  • Supply blocks, unpowered buildings, or Contaminate may cause inaccurate times.
  • Supply counts are checked every 10 seconds.